 Dungeon Crawl Stone Soup version 0.18-a0-1485-g189885c (webtiles) character file.

805 Ratboiler the Cleaver (level 7, -4/61 HPs)
             Began as a Minotaur Artificer on Mar 3, 2016.
             Was an Initiate of Gozag.
             Slain by a hell rat (9 damage)
             ... on level 5 of the Dungeon.
             The game lasted 00:18:29 (5968 turns).

Ratboiler the Cleaver (Minotaur Artificer)          Turns: 5968, Time: 00:18:29

Health: -4/61      AC:  7    Str: 15    XL:     7   Next: 60%
Magic:  8/8        EV: 11    Int:  9    God:    Gozag
Gold:   656        SH:  0    Dex: 13    Spells: 0 memorised, 6 levels left

rFire  . . .     SeeInvis .     b - +4 mace
rCold  . . .     Gourm    .     B - +0 ring mail
rNeg   . . .     Faith    .     (no shield)
rPois  .         Spirit   .     (helmet restricted)
rElec  .         Dismiss  .     J - +0 cloak
rCorr  .         Reflect  .     (no gloves)
SustAt .         Harm     .     E - +0 pair of boots
MR     .....                    (no amulet)
Stlth  +.........               (no ring)
                                (no ring)

@: very slightly contaminated, hasted, drained, very quick, not resistant to
hostile enchantments, very unstealthy
A: retaliatory headbutt, horns 2
a: Potion Petition, Call Merchant, Bribe Branch, Renounce Religion


You were on level 5 of the Dungeon.
You worshipped Gozag.
Gozag was noncommittal.
You were not hungry.

You visited 1 branch of the dungeon, and saw 5 of its levels.

You collected 688 gold pieces.
You paid 32 gold pieces to Gozag.

Inventory:

Hand Weapons
 a - a +0 short sword
 b - a +4 mace (weapon)
 n - a +0 dagger of protection
 A - a +0 hand axe
 C - a +0 war axe
Missiles
 h - 228 stones
 i - 54 poisoned needles
 t - a throwing net
 v - 16 tomahawks (quivered)
Armour
 B - a +0 ring mail (worn)
 E - a +0 pair of boots (worn)
 J - a +0 cloak (worn)
Jewellery
 y - a cursed ring of wizardry {unknown}
Wands
 c - a wand of flame (12/48)
 d - a wand of enslavement (6/24)
 e - a wand of random effects (15/48)
 H - a wand of hasting (0/9)
 K - a wand of paralysis (9/24)
 O - a wand of lightning (1/15)
Scrolls
 k - a scroll of fog {unknown}
 l - 4 scrolls of enchant weapon
 m - 2 scrolls of magic mapping {unknown}
 o - a scroll of teleportation {unknown}
 p - a scroll of enchant armour {unknown}
 q - a scroll of fear {unknown}
 r - a scroll of amnesia {unknown}
 s - 6 scrolls of identify {unknown}
 u - 2 scrolls of random uselessness {unknown}
 x - 2 scrolls of remove curse {unknown}
 z - a scroll of blinking {unknown}
 L - a scroll of noise {unknown}
Potions
 g - a potion of heal wounds {unknown}
 j - 3 potions of haste {unknown}
 w - a potion of lignification {unknown}
 D - a potion of flight {unknown}
 F - 2 potions of invisibility {unknown}
 I - 2 potions of might {unknown}
 M - a potion of mutation {unknown}
 N - 2 potions of degeneration {unknown}
Comestibles
 f - 6 bread rations
 G - 3 fruits


   Skills:
 - Level 5.5(5.1) Fighting
 - Level 1.1(0.7) Short Blades
 + Level 8.5(8.1) Axes
 - Level 2.1(1.8) Dodging
 - Level 0.7(0.4) Stealth
 - Level 2.6(2.3) Evocations


You had 6 spell levels left.
You didn't know any spells.

Dungeon Overview and Level Annotations

Branches:
Dungeon (5/15)             Temple (0/1) D:5

Altars:
Gozag
Kikubaaqudgha
Makhleb
Yredelemnul
The Shining One

Annotations:
D:2 exclusion: adder
D:3 Sargon's ghost, novice GrFi
D:4 Amnesiac's ghost, novice MfGl


Innate Abilities, Weirdness & Mutations

You reflexively headbutt those who attack you in melee.
You have a pair of horns on your head.


Message History

You feel drained.
* * * LOW HITPOINT WARNING * * *
Drink which item? (? for menu, Esc to quit)
Okay, then.
Things that are here:
7 gold pieces; a war axe The hell rat completely misses you.
The hell rat bites you!
* * * LOW HITPOINT WARNING * * *
Read which item? (? for menu, Esc to quit)
Okay, then.
Evoke which item? (* to show all) (? for menu, Esc to quit)
Zapping:
H - a wand of hasting {zapped: 2} (will waste charges)
Press: ? - help, Shift-Dir - straight line, f - you, p - hell rat You feel yourself speed up.
You are very lightly contaminated with residual magic.
Evoking this partially-identified wand wasted a few charges.
The hell rat bites you!
You die...
Your body crumbles into a pile of gold.

#.#r# .##.## .# ##r# ## ##.# #r##
##.# #.## ##r# #@## #.# ###
####### ####### #.## #.###>##.#.
######.....# #..## #.#......#.
#.......##.# ##.#.## #.#.#.##.#.
#.#.###.##.####.###.###..........
#....##........## ##..###.#......
..P.....##.####.###.#.# #.###....
.........#.# ##.#.##.# #......#.


You could see a hell rat.

Vanquished Creatures
  A sky beast (D:5)
  A centaur (D:5)
  A water moccasin skeleton (D:3)
  A crimson imp (D:5)
  2 hounds
  3 orc priests
  6 orc wizards
  A worker ant (D:4)
  Robin (D:3)
  A gnoll (D:5)
  5 adders
  2 river rats (D:5)
  An ooze (D:1)
  A worm (D:5)
  3 dart slugs
  2 giant geckos
  15 orcs
  A giant cockroach (D:1)
  22 goblins
  6 hobgoblins
  10 jackals
  3 quokkas
  A ball python (D:2)
  7 bats
  5 giant newts
  7 kobolds
  14 rats
123 creatures vanquished.

Vanquished Creatures (collateral kills)
  A gnoll (D:5)
  2 orcs (D:3)
  A goblin (D:3)
4 creatures vanquished.

Vanquished Creatures (others)
  Sigmund (D:3)
  An adder (D:3)
  A gnoll (D:5)
  A withered plant (D:5)
4 creatures vanquished.

Grand Total: 131 creatures vanquished

Notes
Turn   | Place    | Note
--------------------------------------------------------------
     0 | D:1      | Ratboiler the Minotaur Artificer began the quest for the Orb.
     0 | D:1      | Reached XP level 1. HP: 16/16 MP: 1/1
   375 | D:1      | Reached XP level 2. HP: 25/25 MP: 3/3
  1164 | D:1      | Reached XP level 3. HP: 31/31 MP: 4/4
  2235 | D:3      | Noticed Sigmund
  2246 | D:3      | Reached XP level 4. HP: 26/41 MP: 5/5
  2536 | D:3      | Found a basalt altar of Yredelemnul.
  2653 | D:3      | Found an opulent altar of Gozag.
  2660 | D:3      | Became a worshipper of Gozag Ym Sagoz the Greedy
  2708 | D:3      | Reached skill level 5 in Fighting
  2867 | D:3      | Reached skill level 1 in Axes
  2960 | D:3      | Noticed Robin
  2989 | D:3      | Killed Robin
  2989 | D:3      | Reached XP level 5. HP: 42/48 MP: 6/6
  2997 | D:3      | Reached skill level 2 in Axes
  3019 | D:3      | Noticed Sargon's ghost (novice GrFi)
  3179 | D:3      | Your ally died
  3363 | D:3      | Reached skill level 3 in Axes
  3626 | D:4      | Found a burning altar of Makhleb.
  3638 | D:4      | Reached skill level 4 in Axes
  3781 | D:4      | Noticed Amnesiac's ghost (novice MfGl)
  3843 | D:3      | Reached XP level 6. HP: 40/56 MP: 7/7
  3983 | D:4      | Reached skill level 5 in Axes
  4170 | D:5      | Entered Level 5 of the Dungeon
  4265 | D:5      | Reached skill level 6 in Axes
  4485 | D:5      | Reached XP level 7. HP: 37/61 MP: 8/8
  4579 | D:5      | Reached skill level 7 in Axes
  4876 | D:5      | Reached skill level 8 in Axes
  5076 | D:5      | Found a glowing golden altar of the Shining One.
  5828 | D:5      | Found a staircase to the Ecumenical Temple.
  5874 | D:5      | Found an ancient bone altar of Kikubaaqudgha.
  5968 | D:5      | Slain by a hell rat

Vault maps used:
D:1:      sevenhm_arrival_forest_fort_large_3
D:2:      first_bread
D:3:      yredelemnul_altar_generic, nicolae_gozag_seed_capital, uniq_robin,
          uniq_sigmund
D:4:      makhleb_heckhound_becter
D:5:      lemuel_ratsnest, kennysheep_mini_moat, kiku_gazebo_garden_becter,
          minmay_temple_entry_nine_rooms

Skill      XL: |  1  2  3  4  5  6  7 |
---------------+----------------------+-----
Fighting       | 2 3 4 5 |  5.5
Axes           | 1 4 6 8 |  8.5
Short Blades   | |  1.1
Dodging        | |  2.1
Stealth        | |  0.7
Evocations     | |  2.6

Action                   |  1- 3 |  4- 6 |  7- 9 || total
-------------------------+-------+-------+-------++-------
Melee: Short sword       |    99 |     9 |       ||   108
       Dagger            |       |    94 |       ||    94
       Mace              |       |    81 |    71 ||   152
Throw: Stone             |    23 |       |       ||    23
       Tomahawk          |       |     7 |       ||     7
Evoke: Wand              |       |    11 |     2 ||    13
  Use: Scroll            |       |     1 |       ||     1
  Eat: Chunk             |     4 |       |       ||     4
       Beef jerky        |       |     2 |       ||     2
       Bread ration      |       |     1 |       ||     1
       Meat ration       |       |       |     1 ||     1
